 Dungeon Crawl Stone Soup version 0.29-a0-330-g52719c12eb (webtiles) character file.

Game seed: 18144011853647698220

87 vineage the Skirmisher (level 4, -1/29 HPs)
             Began as a Gargoyle Fighter on May 6, 2022.
             Slain by Sigmund
             ... wielding a +0 scythe
              (3 damage)
             ... on level 2 of the Dungeon.
             The game lasted 00:02:11 (1368 turns).

vineage the Skirmisher (Gargoyle Fighter)           Turns: 1368, Time: 00:02:11

Health: -1/29      AC: 11    Str: 21    XL:     4   Next: 51%
Magic:  4/4        EV:  9    Int:  9    God:
Gold:   51         SH:  4    Dex:  9    Spells: 3/3 levels left

rFire   . . .      SeeInvis .   a - +0 flail
rCold   . . .      Faith    .   c - +0 buckler
rNeg    + . .      Spirit   .   b - +0 scale mail
rPois   ∞          Reflect  .   (no helmet)
rElec   +          Harm     .   (no cloak)
rCorr   .          Rampage  .   (no gloves)
Will    .....                   f - +0 pair of boots
Stlth   ..........              (no amulet)
HPRegen 0.09/turn               (no ring)
MPRegen 0.09/turn               (no ring)

@: mighty, brilliant
A: sickness immunity, AC +3, negative energy resistance 1, electricity
resistance, torment resistance 1, petrification resistance
a: no special abilities


You were on level 2 of the Dungeon.
You visited 1 branch of the dungeon, and saw 2 of its levels.

You collected 51 gold pieces.

Inventory:

Hand Weapons
 a - a +0 flail (weapon)
Armour
 b - a +0 scale mail (worn)
 c - a +0 buckler (worn)
 f - a +0 pair of boots (worn)
Scrolls
 k - a scroll of immolation {unknown}
 l - a scroll of teleportation
Potions
 e - a potion of ambrosia {unknown}
 g - a potion of brilliance
 h - 2 potions of attraction {unknown}
 i - a potion of heal wounds {unknown}
 j - a potion of curing {unknown}


   Skills:
 + Level 4.0 Fighting
 + Level 2.9 Maces & Flails
 + Level 4.0 Armour
 + Level 4.0 Shields


You had 3 spell levels left.
You didn't know any spells.
Your spell library was empty.

Dungeon Overview and Level Annotations

Branches:
Dungeon (2/15)

Altars:

Shops:
D:1 [

Annotations:
D:2 Sigmund


Innate Abilities, Weirdness & Mutations

You are immune to sickness and miasma.
Your stone body is resilient. (AC +3)
You are immune to poison.
You resist negative energy. (rN+)
You are resistant to electric shocks. (rElec)
You are resistant to unholy torment.
You are immune to petrification.


Message History

You are too confused!
You are too confused!
You are too confused!
You are too confused!
You are too confused!
You are too confused!
You are too confused!
You are too confused!
You are too confused!
You are too confused!
You are too confused!
You are too confused!
You are too confused!
You are too confused!
You are too confused!
You are too confused!
Sigmund hits you from afar with a +0 scythe.
You're too confused to move!
Sigmund points at you and mumbles some strange words.
The puff of flame hits you. Sigmund hits you with a +0 scythe.
You closely miss Sigmund.
You feel less confused. Sigmund hits you but does no damage.
You barely miss Sigmund. You closely miss Sigmund.
Sigmund mumbles some strange words.
Sigmund flickers and vanishes!
Deactivating autopickup; reactivate with Ctrl-A.
Something hits you but does no damage.
You miss something. Something hits you.
You completely miss something. You barely miss something. Something hits you.
* * * LOW HITPOINT WARNING * * *
You closely miss something. Something hits you.
* * * LOW HITPOINT WARNING * * *
It was a potion of brilliance.
You feel clever all of a sudden. Something hits you.
You die...

## ########## ##.#
#......... ##...##
######.#######.
##.....###...#...##
#.
#......@..........#
#.
##....{###...#...##
#. ##...##
######.## #.
#...[.. #.# #.
#.##... #.# #. #
#... #+# #. ##.# ##
#. .. #


There were no monsters in sight!

Vanquished Creatures
  Natasha (twice) (D:2)
  A dart slug (D:1)
  2 endoplasms (D:1)
  A giant cockroach (D:1)
  4 goblins
  4 hobgoblins (D:1)
  2 jackals (D:1)
  3 kobolds
  3 quokkas
  3 ball pythons (D:1)
  4 bats (D:1)
  3 frilled lizards
  3 rats
35 creatures vanquished.

Notes
Turn   | Place    | Note
-------+----------+-------------------------------------------
     0 | D:1      | vineage the Gargoyle Fighter began the quest for the Orb.
     0 | D:1      | Reached XP level 1. HP: 14/14 MP: 1/1
   234 | D:1      | Reached XP level 2. HP: 15/19 MP: 2/2
   292 | D:1      | Found Peosafof's Armour Emporium.
   595 | D:1      | Reached XP level 3. HP: 18/23 MP: 3/3
   945 | D:2      | Found a faded altar of an unknown god.
  1122 | D:2      | Noticed Natasha
  1129 | D:2      | Killed Natasha
  1130 | D:2      | Reached XP level 4. HP: 24/29 MP: 4/4
  1236 | D:2      | Noticed Natasha
  1241 | D:2      | Noticed Sigmund
  1256 | D:2      | Killed Natasha
  1368 | D:2      | Slain by Sigmund

Illustrated notes

Levels and vault maps discovered:
D:1:      doesnt_arrival_eight_statues, layout_basic, serial_shops, shop
D:2:      layout_loops_corners, hellmonk_ecumenical_altar_run_dry,
          minmay_misc_feat_more_columns, uniq_natasha, uniq_sigmund

Skill      XL: |  1  2  3  4 |
---------------+-------------+-----
Fighting       | 4 |  4.0
Armour         | 4 |  4.0
Shields        | 4 |  4.0
Maces & Flails | |  2.9

Action                   |  1- 3 |  4- 6 || total
-------------------------+-------+-------++-------
Melee: Flail             |    86 |    29 ||   115
  Use: Scroll            |     1 |       ||     1
       Potion            |       |     2 ||     2
Armor: Scale mail        |    48 |    11 ||    59
Dodge: Dodged            |    45 |    12 ||    57
Block: Buckler           |    16 |     5 ||    21

Table legend: (Time is in decaauts)
 A = Elapsed time spent in this place.
 B = Non-inter-level travel time spent in this place.
 C = Inter-level travel time spent in this place.
 D = Time resting spent in this place.
 E = Time spent auto-exploring this place.
 F = Levels seen in this place.
 G = Mean time per level.
                   A        B        C        D        E       F      G
               +--------+--------+--------+--------+--------+-----+--------+
         Total |   1404 |   1373 |     31 |      0 |   1097 |   2 |  702.0 |
       Dungeon |   1404 |   1373 |     31 |      0 |   1097 |   2 |  702.0 |
               +--------+--------+--------+--------+--------+-----+--------+

Top non-repeatable levels by time:
     D:1: 965 daAuts
     D:2: 439 daAuts
